 Seeded DCSS version 0.31-a0-208-gdb31a4691d (webtiles) character file.

Game seed: 10414033630809901341 (custom seed)

374 innerfire43 the Slasher (level 6, -5/47 HPs)
             Began as a Demonspawn Monk on June 28, 2023.
             Was a High Priest of Ignis.
             Slain by a gnoll bouda
             ... wielding a +0 club
              (7 damage)
             ... on level 4 of the Dungeon.
             The game lasted 00:03:02 (2404 turns).

innerfire43 the Slasher (Demonspawn Monk)           Turns: 2404, Time: 00:03:02

Health: -5/47      AC:  9    Str: 13    XL:     6   Next: 43%
Magic:  6/6        EV: 13    Int: 11    God:    Ignis [*****.]
Gold:   149        SH:  5    Dex: 16    Spells: 5/5 levels left

rFire   + . .        m - +9 great sword of Sewiefups {heavy, Stlth+}
rCold   . . .        (shield currently unavailable)
rNeg    . . .        b - +0 robe
rPois   .            (no helmet)
rElec   .            (no cloak)
rCorr   .            (no gloves)
SInv    .            (no boots)
Will    .....        l - amulet of reflection
Stlth   ++           f - +4 ring of slaying
HPRegen 0.27/turn    (no ring)
MPRegen 0.10/turn

%: reflection
@: weakened, fiery-armoured
A: hooves 2, demonic guardian 1, weakness stinger 1
a: Renounce Religion, Fiery Armour, Foxfire Swarm, Rising Flame


You were on level 4 of the Dungeon.
You worshipped Ignis.
Ignis was extremely pleased with you.
You visited 1 branch of the dungeon, and saw 4 of its levels.

You collected 149 gold pieces.

Inventory:

Hand Weapons
 a - a +0 falchion
 m - the +9 great sword of Sewiefups (weapon) {heavy, Stlth+}
   (You found it on level 2 of the Dungeon)

   Stlth:     It makes you more stealthy.
Armour
 b - a +0 robe (worn)
 d - an orb of light
Jewellery
 f - a +4 ring of slaying (left hand)
 l - an amulet of reflection (around neck)
 q - a ring of positive energy
Wands
 r - a wand of flame (16)
Scrolls
 e - 3 scrolls of identify {unknown}
 g - 3 scrolls of revelation {unknown}
 h - a scroll of blinking {unknown}
 i - a scroll of fog {unknown}
 k - 4 scrolls of teleportation {unknown}
 n - a scroll of immolation {unknown}
 p - 2 scrolls of fear {unknown}
Potions
 c - 2 potions of ambrosia
 o - a potion of curing


   Skills:
 - Level 3.0 Fighting
 * Level 6.7 Long Blades
 - Level 2.6 Dodging


You had 5 spell levels left.
You didn't know any spells.
Your spell library was empty.

Dungeon Overview and Level Annotations

Branches:
Dungeon (4/15)
 Temple: D:4-7

Altars:
Wu Jian
Ignis


Innate Abilities, Weirdness & Mutations

You have hoof-like feet.
A weak demonic guardian rushes to your aid.
You have a small tail.


Message History

The gnoll bouda hits you with a +0 club.
* * * LOW HITPOINT WARNING * * *
The gnoll bouda is burned by your cloak of flames.
The gnoll bouda is almost dead.
The orc wizard hits you but does no damage.
The orc wizard is burned by your cloak of flames.
The orc wizard is heavily wounded.
Your white imp hits the gnoll.
Your white imp freezes the gnoll.
The gnoll dies!
Your white imp barely misses the orc wizard.
The gnoll hits you but does no damage.
It was a potion of curing.
You feel better. The gnoll closely misses you.
The orc hits you with a +0 flail.
* * * LOW HITPOINT WARNING * * *
The orc is burned by your cloak of flames.
The orc is lightly wounded.
The gnoll bouda hits you with a +0 club.
* * * LOW HITPOINT WARNING * * *
The orc wizard gestures at you while chanting.
The magic dart hits you!
* * * LOW HITPOINT WARNING * * *
Your white imp hits the gnoll bouda but does no damage.
Your white imp completely misses the orc wizard.
The gnoll closely misses you.
You slice the orc wizard like a ripe choko!!!
You kill the orc wizard!
Your white imp disappears in a puff of smoke!
The gnoll is no longer moving quickly.
The gnoll barely misses you. The orc hits you with a +0 flail.
* * * LOW HITPOINT WARNING * * *
A demonic guardian appears!
The orc is burned by your cloak of flames.
You kill the orc!
The orc hits you but does no damage.
The orc is burned by your cloak of flames.
The orc is moderately wounded.
The gnoll bouda gazes fiercely through you!
You feel your attacks grow feeble.
The gnoll bouda hits you with a +0 club!
You die...

..... ..... ......
.# ......########.##
......#..........
................
......g)..5...#
......)§g.....#
......g.@o....####
........o)...>....
........5.....######
................[...
#.....#.......#####
############.....#
#.....# #......#
#.....o...


You could see a gnoll bouda, 2 gnolls, 2 orcs, a friendly white imp (summoned)
and a friendly shadow imp (summoned).

Vanquished Creatures
  A kobold brigand (D:3)
  The ghost of osoart the Sneak, an amateur SpEn (D:3)
  A jelly (D:3)
  Terence (D:2)
  An orc wizard (D:4)
  2 gnolls (D:4)
  5 adders
  2 worms
  2 dart slugs
  8 orcs
  6 endoplasms
  A giant cockroach (D:1)
  8 goblins
  5 hobgoblins
  7 jackals
  11 kobolds
  4 quokkas
  10 ball pythons
  8 bats
  4 frilled lizards
  5 rats
93 creatures vanquished.

Vanquished Creatures (collateral kills)
  A gnoll (D:4)
  A kobold (D:4)
2 creatures vanquished.

Vanquished Creatures (others)
  A kobold (D:3)
1 creature vanquished.

Grand Total: 96 creatures vanquished

Notes
Turn   | Place    | Note
-------+----------+-------------------------------------------
     0 | D:1      | innerfire43 the Demonspawn Monk began the quest for the
                  | Orb.
     0 | D:1      | Reached XP level 1. HP: 18/18 MP: 1/1
    55 | D:1      | Reached skill level 3 in Long Blades
    98 | D:1      | Gained mutation: A weak demonic guardian rushes to your
                  | aid. [demonic ancestry]
    98 | D:1      | Reached XP level 2. HP: 22/24 MP: 2/2
   481 | D:1      | Discovered your monstrous ancestry.
   481 | D:1      | Gained mutation: You have large cloven feet. [demonic
                  | ancestry]
   481 | D:1      | Reached XP level 3. HP: 23/29 MP: 3/3
   800 | D:2      | Reached skill level 4 in Long Blades
   806 | D:2      | Identified the +9 great sword of Sewiefups {heavy, Stlth+}
   966 | D:2      | Noticed Terence
   970 | D:2      | Killed Terence
   971 | D:2      | Gained mutation: You have hoof-like feet. [demonic
                  | ancestry]
   971 | D:2      | Reached XP level 4. HP: 35/35 MP: 4/4
  1281 | D:3      | Reached skill level 5 in Long Blades
  1585 | D:3      | Reached XP level 5. HP: 39/41 MP: 5/5
  1666 | D:3      | Found a runed translucent gate.
  1666 | D:3      | Found a runed translucent gate.
  1666 | D:3      | Found a runed translucent gate.
  1668 | D:3      | Noticed osoart's ghost (amateur SpEn)
  1851 | D:3      | Found an ornate altar of the Wu Jian Council.
  2150 | D:3      | Found a faded altar of an unknown god.
  2187 | D:3      | Prayed at the altar of an unknown god.
  2187 | D:3      | Became a worshipper of Ignis, the Dying Flame
  2187 | D:3      | Reached ****** piety under Ignis
  2267 | D:3      | Killed osoart's ghost
  2268 | D:3      | Reached skill level 6 in Long Blades
  2275 | D:3      | Gained mutation: You have a small tail. [demonic ancestry]
  2275 | D:3      | Reached XP level 6. HP: 32/47 MP: 6/6
  2404 | D:4      | HP: 2/47 [orc/+0 flail (1)]
  2404 | D:4      | Slain by a gnoll bouda

Illustrated notes

Levels and vault maps discovered:
D:1:      heliophobic_arrival_henge, layout_basic
D:2:      layout_rooms, uniq_terence
D:3:      layout_loops_corners, mainiacjoe_overflow_cross_hatched,
          nicolae_wu_jian_immortal_techniques, gammafunk_ghost_nasty_kobolds,
          shapermc_ecumenical_altar_flowoftime
D:4:      layout_rooms, minmay_temple_entry_glassed_door

Skill      XL: |  1  2  3  4  5 |
---------------+----------------+-----
Long Blades    | 3 4 5 6 |  6.7
Fighting       | |  3.0
Dodging        | |  2.6

Action                     |  1- 3 |  4- 6 || total
---------------------------+-------+-------++-------
  Melee: Falchion          |    66 |       ||    66
         Great sword       |    14 |    65 ||    79
         Kick              |     4 |     7 ||    11
 Invoke: Fiery Armour      |       |     2 ||     2
    Use: Potion            |       |     2 ||     2
   Stab: Sleeping          |     3 |     8 ||    11
         Distracted        |       |     1 ||     1
 Armour: Robe              |    20 |    21 ||    41
  Dodge: Dodged            |    60 |    80 ||   140
  Block: Other             |     3 |    30 ||    33

Table legend: (Time is in decaauts)
 A = Elapsed time spent in this place.
 B = Non-inter-level travel time spent in this place.
 C = Inter-level travel time spent in this place.
 D = Time resting spent in this place.
 E = Time spent auto-exploring this place.
 F = Levels seen in this place.
 G = Mean time per level.
                   A        B        C        D        E       F      G
               +--------+--------+--------+--------+--------+-----+--------+
         Total |   2502 |   2393 |    109 |      0 |   1817 |   4 |  625.5 |
       Dungeon |   2502 |   2393 |    109 |      0 |   1817 |   4 |  625.5 |
               +--------+--------+--------+--------+--------+-----+--------+

Top non-repeatable levels by time:
     D:3: 1171 daAuts
     D:1: 805 daAuts
     D:2: 500 daAuts
     D:4: 25 daAuts
